 Dungeon Crawl Stone Soup version 0.14-a0-1817-gb992dfe (webtiles) character file.

294056 4tharraofdagon the Fencer (level 19, -3/160 HPs)
             Began as a Demigod Fire Elementalist on Jan 8, 2014.
             Slain by the royal jelly (33 damage)
             ... while paralysed by a giant eyeball
             ... on Level 6 of the Pits of Slime on Jan 9, 2014.
             The game lasted 05:27:32 (27798 turns).

4tharraofdagon the Fencer (DgFE)                   Turns: 27798, Time: 05:27:32

HP  -3/160       AC 14     Str 17      XL: 19   Next: 24%
MP  28/28        EV  2     Int 23      God:
Gold 588         SH  0     Dex 19      Spells: 10 memorised,  3 levels left

rFire  . . .     SeeInvis .     C - +0,+11 long sword of the Goat {elec, rN+}
rCold  . . .     Clarity  .     l - +5 ring mail "Xokliedi" {+Blink +Fly}
rNeg   + + .     Conserve .     d - +6 shield of the gong {rElec rN+ MR+}
rPois  .         rCorr    +     (helmet restricted)
rElec  +         rRot     .     A - -3 cloak
SustAb . .       Spirit   .     F - -1 pair of gloves
rMut   .         Warding  .     h - +2 pair of boots of the Assassin {Stlth++}
Saprov . . .     Stasis   .     j - amulet of resist corrosion
                                u - ring of regeneration
                                (no ring)

@: paralysed, repel missiles (expiring), studying Necromancy, extremely
resistant to hostile enchantments, quite stealthy
A: antennae 1, slimy green scales 1, blurry vision 1, deformed body,
deterioration 1, dopey 1, fast metabolism 1, low mp 2
a: Evoke Blink, Evoke Flight
}: 2/15 runes: barnacled, gossamer


You were on level 6 of the Pits of Slime.
You were full.

You visited 8 branches of the dungeon, and saw 49 of its levels.
You also visited: Labyrinth, Sewer and Bailey.

You collected 4375 gold pieces.
You spent 3787 gold pieces at shops.

Inventory:

Hand weapons
 f - a +4,+7 bastard sword of flaming
 C - the +0,+11 long sword of the Goat (weapon) {elec, rN+}
   (You found it on level 5 of the Dungeon)

   Occasionally, upon striking a foe, it will discharge some electrical energy
   and cause terrible harm.
   It protects you from negative energy.
Armour
 d - the +6 shield of the gong (worn) {rElec rN+ MR+}
   (You found it on level 13 of the Dungeon)

   It insulates you from electricity.
   It protects you from negative energy.
   It affects your resistance to hostile enchantments.
 h - the +2 pair of boots of the Assassin (worn) {Stlth++}
   (You found it on level 4 of the Dungeon)

   It makes you much more stealthy.
 l - the +5 ring mail "Xokliedi" (worn) {+Blink +Fly}
   (You found it on level 3 of the Elven Halls)

   It lets you fly.
   It lets you blink.
 A - a -3 cloak (worn)
 F - a -1 pair of gloves (worn)
 Q - a +1 helmet
Magical devices
 b - a wand of hasting (7)
 n - a wand of heal wounds (9)
 w - a wand of heal wounds (8)
 M - a wand of disintegration (12)
 R - a wand of digging (6)
 T - a wand of teleportation (8)
Comestibles
 I - a bread ration
 U - 3 meat rations
Scrolls
 r - 3 scrolls of fog
 t - 3 scrolls of teleportation
 B - 9 scrolls of remove curse
 O - 2 scrolls of blinking
 S - 6 scrolls of identify
 W - 2 scrolls of torment
Jewellery
 g - an uncursed amulet of the gourmand
 i - an uncursed amulet of rage
 j - an amulet of resist corrosion (around neck)
 k - an uncursed ring of see invisible
 u - a ring of regeneration (right hand)
 x - an uncursed ring of sustain abilities
 y - the ring of the Demon Prince {-Tele rN+ Dam+4}
   (You found it in a labyrinth)

   [ring of positive energy]

   It affects your damage-dealing abilities (+4).
   It prevents most forms of teleportation.
 D - an uncursed ring of protection from fire
 N - an uncursed ring of protection from cold
 X - an uncursed ring of flight
Potions
 a - 5 potions of speed
 e - 2 potions of lignification
 p - a potion of berserk rage
 s - 6 potions of curing
 v - 5 potions of restore abilities
 E - 2 potions of invisibility
 G - 6 potions of might
 J - a potion of magic
 L - 3 potions of heal wounds
 V - 3 potions of brilliance
 Y - a potion of resistance
Books
 m - a Necronomicon {highlevel}

   This book is beyond your current level of understanding.

   Spells                             Type                      Level
   Haunt                              Necromancy/Summoning         7
   Borgnjor's Revivification          Necromancy                   8
   Death's Door                       Charms/Necromancy            8
   Necromutation                      Transmutation/Necromancy     8
 q - a manual of Necromancy
Miscellaneous
 c - a sack of spiders
 z - a lamp of fire
 H - a phial of floods
 K - a lantern of shadows
 Z - a phial of floods
Rods
 P - a +2 rod of inaccuracy (10/10)
   (You took it off a deep elf conjurer on level 3 of the Elven Halls)


   Skills:
 + Level 12.1 Fighting
   Level 7.0 Short Blades
 * Level 16.7 Long Blades
 + Level 12.1 Armour
 + Level 11.8 Dodging
 - Level 1.7 Stealth
 + Level 12.9 Shields
 + Level 7.1 Spellcasting
 - Level 5.0 Conjurations
 - Level 3.5 Charms
 + Level 9.0 Translocations
 - Level 6.1 Fire Magic
 + Level 8.9 Evocations


You had 3 spell levels left.
You knew the following spells:

 Your Spells              Type           Power        Failure   Level  Hunger
a - Controlled Blink      Tloc           N/A          99%         7    #######
b - Conjure Flame         Conj/Fire      ####....     3%          3    None
c - Sticky Flame          Conj/Fire      ####....     12%         4    ###....
d - Repel Missiles        Chrm/Air       ###.......   10%         2    None
e - Cure Poison           Pois           #.........   17%         2    None
f - Shroud of Golubria    Chrm/Tloc      #####.....   1%          2    None
g - Regeneration          Chrm/Necr      ###.......   14%         3    None
h - Apportation           Tloc           #####.....   1%          1    None
i - Summon Butterflies    Summ           #.......     12%         1    None
j - Control Teleport      Chrm/Tloc      #####.....   10%         4    ###....


Dungeon Overview and Level Annotations

Branches:
Dungeon (16/16)            Temple (0/1) D:6             Orc (4/4) D:10
    Elf (3/3) Orc:3          Lair (8/8) D:9          Shoals (5/5) Lair:5
 Spider (5/5) Lair:5        Slime (6/6) Lair:7       Depths (2/6) D:16
 Vaults: D:14-15

Shops:
D:4 ?   Orc:2 [   Orc:4 ([:(*   Shoals:3 *   Shoals:4 [   Shoals:5 (

Portals:
Hell: Depths:1
Trove: D:12 (show abyssal rune of Zot)

Annotations:
D:3 4tharraofdagon's ghost, weakling DgFE
D:10 MORIA
D:13 exclusion: ice statue
D:16 exclusion: ice statue
Orc:2 RAND PLATE
Orc:4 NECRO+WARP
Lair:6 BOOTS FOR SLIME
Lair:7 TORMENT+JELLY
Slime:6 Royal Jelly


Innate Abilities, Weirdness & Mutations

You have a pair of small antennae on your head.
You are partially covered in slimy green scales (AC +2).
Your vision is a little blurry.
Armour fits poorly on your strangely shaped body.
Your body is slowly deteriorating.
You are dopey. (Int -2)
You have a fast metabolism.
Your magical capacity is very low (-20% MP).


Message History

The royal jelly hits you but does no damage.
The royal jelly hits you!
You are splashed with acid!
The acid burns!
You resist. The acid blob spits acid at you.
The splash of acid is repelled.
The giant eyeball stares at you.
You suddenly lose the ability to move!
The royal jelly hits you!
You are splashed with acid!
The acid burns!
You resist.
The royal jelly hits you but does no damage.
The acid blob hits you.
You are splashed with acid!
The acid burns!
You resist. The royal jelly completely misses you. The royal jelly hits you!
* * * LOW HITPOINT WARNING * * *
You are splashed with acid!
The acid burns!
You resist.
* * * LOW HITPOINT WARNING * * *
The acid blob hits you.
* * * LOW HITPOINT WARNING * * *
You are splashed with acid!
The acid burns!
You resist.
* * * LOW HITPOINT WARNING * * *
The royal jelly hits you!
You die...

. #..# #...
..######.####..J.
....#.....#........
.....................
.......................
............G.....G....
...............J.......
............J.JGJ........
...............J@........
.........................
.......................
.......................
.......................
.....................
....................
....................
....................


You could see the royal jelly, 2 acid blobs, a giant amoeba, a slime creature, a
shining eye, an eye of devastation, a death ooze and a giant eyeball.

Vanquished Creatures
  Nikola (Spider:3)
  Arachne (Spider:4)
  4 tentacled monstrosities (Depths:2)
  2 deep elf blademasters (Elf:3)
  4 deep elf master archers (Elf:3)
  A kraken (Shoals:3)
  Polyphemus (Shoals:4)
  12 acid blobs
  Frances (Spider:2)
  The ghost of Mitsuki the Severer, a mighty DDFi of Makhleb (Shoals:4)
  Kirke (Shoals:3)
  A large abomination (Elf:3)
  6 ghost moths
  2 fire giants
  Ilsuiw (Shoals:4)
  2 frost giants (Depths:2)
  2 azure jellies (Slime:3)
  Donald (Orc:3)
  7 deep elf sorcerers (Elf:3)
  Wiglaf (Spider:5)
  2 orc warlords
  Aizul (Spider:2)
  4 emperor scorpions
  Gastronok (D:12)
  Jorgrun (Shoals:3)
  4 deep elf demonologists
  5 stone giants
  5 deep elf annihilators (Elf:3)
  Azrael (Spider:2)
  6 merfolk javelineers
  6 dire elephants (Lair:8)
  7 ettins
  A minotaur (Lab)
  4 merfolk impalers
  4 deep elf death magi (Elf:3)
  A fire dragon (D:11)
  5 sirens
  A yaktaur captain (Depths:2)
  A deep elf high priest (Elf:3)
  2 great orbs of eyes
  2 merfolk aquamancers
  2 hydras
  2 deep troll earth magi (Depths:2)
  An alligator snapping turtle (Shoals:4)
  Erica (D:13)
  An anaconda (Lair:8)
  2 ogre magi
  4 death yaks (Shoals:4)
  A death yak (shapeshifter) (Depths:2)
  4 centaur warriors
  3 orc high priests (Orc:4)
  A rakshasa (Depths:1)
  A tengu warrior (Depths:2)
  A deep troll shaman (Depths:2)
  A catoblepas (Shoals:4)
  A very ugly thing (Depths:2)
  7 deep elf knights
  A hell knight (Depths:2)
  2 unseen horrors (D:16)
  5 skeletal warriors (D:16)
  3 deep trolls (Depths:2)
  2 wizards (D:16)
  9 sea snakes
  Erolcha (D:12)
  13 giant amoebae
  2 orc knights (Orc:4)
  The ghost of Mitsuki the Conjurer, an experienced DECj of Vehumet (D:8)
  8 hill giants
  23 wolf spiders
  36 harpies
  6 deep elf conjurers
  A moth of wrath (D:13)
  A red wasp (shapeshifter) (Depths:1)
  4 cyclopes
  4 griffons
  8 shining eyes
  5 red wasps
  4 orc sorcerers
  A black mamba (Lair:6)
  3 octopodes
  Maurice (D:12)
  24 elephants
  2 deep elf summoners (Elf:3)
  2 guardian serpents (shapeshifter) (Depths:2)
  2 spiny worms
  An eye of devastation (Slime:1)
  2 fire drakes
  4 spiny frogs
  8 demonic crawlers
  15 yaktaurs
  A hellwing (Orc:4)
  2 komodo dragons
  A centaur zombie (D:16)
  5 deep elf priests
  9 orb spiders
  9 mermaids
  Grinder (D:4)
  A hydra zombie (D:13)
  A red devil (Depths:2)
  The ghost of beef the Poker, an average DDFi (D:4)
  5 two-headed ogres
  2 naga magi
  4 wandering mushrooms (D:16)
  6 trolls
  A harpy skeleton (D:16)
  A queen bee (Lair:1)
  22 jumping spiders
  43 slime creatures
  24 trapdoor spiders
  3 boulder beetles
  11 blink frogs
  7 brown oozes
  A trapdoor spider zombie (D:8)
  17 snapping turtles
  A hog (Shoals:3)
  48 redbacks
  2 basilisks
  13 sharks
  A hill giant zombie (D:16)
  11 deep elf magi
  A formicid (Spider:1)
  18 ugly things
  21 tarantellas
  3 wyverns
  A chaos spawn (Elf:3)
  A wraith (D:13)
  2 fire elementals (Spider:2)
  A fire dragon skeleton (D:16)
  38 merfolk
  3 shadows
  6 water elementals
  An elephant slug (Lair:7)
  A vampire (D:16)
  The ghost of 4tharraofdagon the Twirler, an average DgGl (D:6)
  Grum (D:12)
  3 hungry ghosts
  A steam dragon (D:11)
  20 yaks
  15 hippogriffs
  12 manticores
  A hill giant skeleton (D:14)
  2 hell hounds (Spider:2)
  A human zombie (D:16)
  14 deep elf fighters
  Edmund (D:4)
  Menkaure (D:5)
  4 porcupines
  A manticore (shapeshifter) (Depths:2)
  4 vampire mosquitoes (D:16)
  11 wolves
  A naga (shapeshifter) (Depths:2)
  6 ice beasts
  17 giant goldfish
  37 orc warriors
  3 sky beasts (D:9)
  2 dwarves (D:9)
  A black bear (shapeshifter) (Depths:2)
  5 yellow wasps
  2 boring beetles
  The ghost of timbw the Chopper, an average DDWr (Sewer)
  15 ogres
  5 crocodiles
  7 water moccasins
  21 centaurs
  A brain worm (D:13)
  6 wargs
  18 giant frogs
  A gnoll sergeant (Orc:4)
  4 big kobolds
  5 giant slugs
  2 komodo dragon zombies
  Blork the orc (D:7)
  7 agate snails
  A cyclops zombie (D:16)
  5 eyes of draining
  A yak zombie (D:8)
  36 killer bees
  5 wights (D:9)
  A hippogriff zombie (D:16)
  7 electric eels
  11 jellyfish
  9 crimson imps
  14 big fish
  18 jellies
  A pulsating lump (Slime:5)
  3 goliath beetles
  17 orc priests
  25 spiders
  3 giant frog zombies
  3 quasits
  8 hounds
  18 orc wizards
  A black bear skeleton (D:10)
  A centaur skeleton (D:16)
  5 iguanas
  5 scorpions
  A water moccasin skeleton (D:6)
  10 sheep
  10 worker ants
  A killer bee zombie (D:11)
  An ogre zombie (D:16)
  Ijyb (D:4)
  A hound zombie (D:5)
  16 gnolls
  43 green rats
  11 adders
  3 giant centipedes
  A white imp (Depths:2)
  7 giant mites
  11 worms
  An adder zombie (D:5)
  2 sheep zombies (D:16)
  A giant centipede zombie (D:12)
  A grey rat (D:6)
  6 giant eyeballs
  8 giant geckos
  12 oozes
  139 orcs
  3 ball pythons
  21 bats
  9 giant cockroaches
  34 goblins
  29 hobgoblins
  21 jackals
  8 quokkas
  8 training dummies
  5 giant newts
  2 giant spores
  2 hobgoblin skeletons
  22 kobolds
  14 rats
  9 ballistomycetes
  A crawling corpse (Elf:3)
  2 fungi
  6 plants
1646 creatures vanquished.

Vanquished Creatures (collateral kills)
  A hydra (Lair:5)
  A wolf spider (Spider:1)
  3 elephants (Lair:3)
  2 orb spiders (Spider:1)
  A blink frog (Lair:3)
  3 water elementals (Shoals:4)
  A crocodile (Lair:3)
  A scorpion (Lair:5)
  An iguana (Lair:3)
  11 green rats (Lair:3)
  3 quokkas (Lair:3)
28 creatures vanquished.

Vanquished Creatures (others)
  A fire giant (Depths:2)
  A deep elf high priest (Depths:2)
  A deep troll earth mage (Depths:2)
  A deep troll (Depths:2)
  An elephant (Lair:7)
  A tengu conjurer (Depths:2)
  5 water elementals
  A two-headed ogre (Depths:1)
  A slime creature (Slime:4)
  A tarantella (Spider:5)
  A human (Shoals:3)
  2 tengu (Depths:2)
  A crocodile (Lair:6)
  2 spiders
  A sheep (Shoals:5)
  An adder (Lair:3)
  4 green rats (Lair:6)
  A giant spore (D:8)
  A bush (D:8)
  4 butterflies (Shoals:5)
  6 fungi
  36 plants
  4 tentacles (Shoals:3)
78 creatures vanquished.

Grand Total: 1752 creatures vanquished

Notes
Turn   | Place    | Note
--------------------------------------------------------------
     0 | D:1      | 4tharraofdagon, the Demigod Fire Elementalist, began the quest for the Orb.
     0 | D:1      | Reached XP level 1. HP: 14/14 MP: 3/3
    47 | D:1      | Reached skill level 1 in Conjurations
    47 | D:1      | Reached skill level 3 in Fire Magic
    91 | D:2      | Reached XP level 2. HP: 18/20 MP: 0/4
   271 | D:2      | Reached XP level 3. HP: 20/26 MP: 3/8
   281 | D:2      | Learned a level 3 spell: Conjure Flame
   713 | D:4      | Found Clolauf's Magic Scroll Emporium.
   725 | D:4      | Bought a scroll of teleportation for 36 gold pieces
   725 | D:4      | Bought a scroll of identify for 24 gold pieces
   738 | D:4      | Noticed Grinder
   791 | D:4      | Killed Grinder
   791 | D:4      | Reached skill level 4 in Fire Magic
   791 | D:4      | Reached XP level 4. HP: 19/33 MP: 5/11
   791 | D:4      | Reached XP level 5. HP: 21/38 MP: 5/12
   814 | D:4      | Learned a level 4 spell: Sticky Flame
   837 | D:4      | Got an encrusted short sword
   839 | D:4      | Identified the +9,+6 short sword "Khetur Nerch" {elec, rPois rF+} (You found it on level 4 of the Dungeon)
   858 | D:3      | Noticed 4tharraofdagon's ghost (weakling DgFE)
   945 | D:4      | Noticed beef's ghost (average DDFi)
   958 | D:4      | Killed beef's ghost
   958 | D:4      | Reached skill level 5 in Fire Magic
   958 | D:4      | Reached XP level 6. HP: 30/45 MP: 4/16
   986 | D:4      | Noticed an ogre
  1012 | D:4      | Killed an ogre
  1032 | D:4      | Noticed Ijyb
  1032 | D:4      | Noticed Edmund
  1046 | D:4      | Killed Edmund
  1046 | D:4      | Reached XP level 7. HP: 48/50 MP: 10/19
  1072 | D:4      | Killed Ijyb
  1374 | D:5      | Entered Level 5 of the Dungeon
  1469 | D:5      | Learned a level 5 spell: Fireball
  1481 | D:5      | Noticed Menkaure
  1494 | D:5      | Killed Menkaure
  1494 | D:5      | Reached skill level 1 in Short Blades
  1494 | D:5      | Reached skill level 5 in Conjurations
  1494 | D:5      | Reached skill level 6 in Fire Magic
  1594 | D:5      | Got a brightly glowing long sword
  1599 | D:5      | Identified the +0,+11 long sword of the Goat {elec, rN+} (You found it on level 5 of the Dungeon)
  1698 | D:5      | Reached skill level 1 in Fighting
  1756 | D:5      | Reached XP level 8. HP: 46/59 MP: 20/20
  1806 | D:5      | Reached skill level 1 in Armour
  1834 | D:6      | Found a staircase to the Ecumenical Temple.
  1837 | D:6      | Noticed 4tharraofdagon's ghost (average DgGl)
  1926 | D:6      | Paralysed by a giant eyeball for 2 turns
  1961 | D:6      | Identified the Almanac of Dislocation
  2053 | D:6      | Found a glowing drain.
  2065 | D:6      | Killed 4tharraofdagon's ghost
  2065 | D:6      | Reached skill level 1 in Evocations
  2086 | Sewer    | Entered a sewer
  2195 | Sewer    | Noticed timbw's ghost (average DDWr)
  2204 | Sewer    | Killed timbw's ghost
  2615 | D:8      | Found a snail-covered altar of Cheibriados.
  2674 | D:8      | Noticed Mitsuki's ghost (experienced DECj)
  2699 | D:8      | Killed Mitsuki's ghost
  2699 | D:8      | Reached XP level 9. HP: 20/68 MP: 11/21
  2837 | D:8      | Reached skill level 5 in Short Blades
  2873 | D:8      | Found a flagged portal.
  2920 | Bailey   | Entered a bailey
  3446 | Bailey   | Noticed an orc warlord
  3484 | Bailey   | Killed an orc warlord
  3509 | Bailey   | Reached XP level 10. HP: 63/78 MP: 3/23
  3604 | Bailey   | Reached skill level 7 in Short Blades
  3618 | Bailey   | Reached skill level 9 in Long Blades
  3618 | Bailey   | Reached XP level 11. HP: 82/84 MP: 6/24
  3657 | Bailey   | Identified a scroll of acquirement
  3712 | D:8      | Found a sparkling altar of Nemelex Xobeh.
  4088 | D:9      | Found an iron altar of Okawaru.
  4205 | D:9      | Identified the Almanac of Sinister Rituals and the Entourage (You found it on level 9 of the Dungeon)
  4211 | D:9      | Learned a level 1 spell: Animate Skeleton
  4315 | D:9      | Reached skill level 5 in Dodging
  4458 | D:10     | Entered Level 10 of the Dungeon
  4575 | D:11     | Noticed a centaur warrior
  4709 | D:10     | Reached skill level 5 in Armour
  4741 | D:10     | Found a staircase to the Orcish Mines.
  4818 | D:11     | Reached skill level 5 in Fighting
  4934 | D:12     | Noticed Erolcha
  4952 | D:12     | Killed Erolcha
  4952 | D:12     | Reached skill level 5 in Evocations
  5043 | D:12     | Noticed Maurice
  5055 | D:12     | Killed Maurice
  5055 | D:12     | Reached skill level 10 in Long Blades
  5080 | D:12     | Noticed Gastronok
  5101 | D:12     | Killed Gastronok
  5230 | D:12     | Found a portal to a secret trove of treasure.
  5371 | D:13     | Noticed Nessos
  5375 | D:13     | Noticed Nessos
  5375 | D:13     | Nessos changed into Nessos the sea snake
  5378 | D:13     | Nessos the sea snake changed into Nessos the moth of wrath
  5641 | D:12     | Noticed Grum
  5656 | D:13     | Reached XP level 12. HP: 48/94 MP: 26/26
  5837 | D:13     | Noticed Erica
  5866 | D:13     | Killed Erica
  5866 | D:13     | Reached skill level 1 in Shields
  5980 | D:13     | Found a frozen archway.
  6220 | D:12     | Killed Grum
  6350 | D:11     | Killed a centaur warrior
  6354 | D:11     | Noticed a fire dragon
  6408 | D:11     | Killed a fire dragon
  6508 | D:11     | Gained mutation: You evolve. [potion of beneficial mutation]
  6763 | D:9      | Reached skill level 11 in Long Blades
  7577 | D:9      | Found a staircase to the Lair.
  7587 | Lair:1   | Entered Level 1 of the Lair of Beasts
  7747 | Lair:1   | Reached skill level 5 in Shields
  8265 | Lair:3   | Noticed an eight-headed hydra
  8584 | Lair:5   | Found a staircase to the Shoals.
  8633 | Lair:5   | Reached XP level 13. HP: 27/105 MP: 27/27
  9069 | Lair:5   | Found a hole to the Spider Nest.
  9745 | Lair:7   | Found a labyrinth entrance.
  9763 | Lab      | Entered a labyrinth
  9902 | Lab      | Got a vibrating lead ring
  9924 | Lair:7   | Learned a level 3 spell: Flight
  9957 | Lair:7   | Found a staircase to the Slime Pits.
  9998 | Lair:8   | Entered Level 8 of the Lair of Beasts
 10335 | Lair:8   | Identified the ring of the Demon Prince {-Tele rN+ Dam+4} (You found it in a labyrinth)
 10701 | Lair:8   | Learned a level 2 spell: Shroud of Golubria
 10739 | Lair:8   | Gained mutation: You are robust (+10% HP). [evolution]
 11321 | Lair:7   | Reached XP level 14. HP: 120/125 MP: 28/28
 11694 | D:10     | Found a roughly hewn altar of Beogh.
 11735 | Orc:1    | Entered Level 1 of the Orcish Mines
 12259 | Orc:2    | Found an iron altar of Okawaru.
 12264 | Orc:2    | Found Uci Nai's Antique Armour Shoppe.
 12272 | Orc:2    | Bought a runed cloak for 36 gold pieces
 12583 | Orc:4    | Entered Level 4 of the Orcish Mines
 12583 | Orc:4    | Found Plav's Antique Weapon Shoppe.
 12592 | Orc:4    | Found Qauz's General Store.
 12600 | Orc:4    | Reached skill level 12 in Long Blades
 12679 | Orc:4    | Noticed an orc warlord
 12686 | Orc:4    | Reached skill level 10 in Shields
 12695 | Orc:4    | Killed an orc warlord
 12799 | Orc:4    | Bought 2 potions of heal wounds for 90 gold pieces
 12799 | Orc:4    | Bought a potion of degeneration for 30 gold pieces
 12820 | Orc:4    | Found Obynubuj's Book Shoppe.
 12835 | Orc:4    | Found Khigar Tree's Antique Weapon Shop.
 12849 | Orc:4    | Bought a runed bastard sword for 260 gold pieces
 12854 | Orc:4    | Found Serao's Antique Armour Emporium.
 12862 | Orc:4    | Bought a pitted chain mail for 352 gold pieces
 12878 | Orc:4    | Identified the +5 chain mail "Clamaec" {+Fly rElec Stlth+} (You bought it in a shop on level 4 of the Orcish Mines)
 13202 | Orc:4    | Bought a shiny orcish ring mail for 70 gold pieces
 13250 | Orc:3    | Found a burning altar of Makhleb.
 13250 | Orc:3    | Found a staircase to the Elven Halls.
 13250 | Orc:3    | Noticed Donald
 13261 | Orc:3    | Killed Donald
 13360 | Orc:4    | Bought a book of War Chants for 520 gold pieces
 13365 | Orc:4    | Learned a level 3 spell: Regeneration
 13430 | Orc:3    | Gained mutation: You are agile. (Dex +2) [evolution]
 13463 | Elf:1    | Entered Level 1 of the Elven Halls
 13686 | Elf:3    | Entered Level 3 of the Elven Halls
 14165 | Elf:3    | Reached skill level 1 in Translocations
 14329 | Elf:3    | Noticed a deep elf master archer
 14329 | Elf:3    | Noticed a deep elf sorcerer
 14340 | Elf:3    | Killed a deep elf sorcerer
 14340 | Elf:3    | Reached skill level 1 in Charms
 14370 | Elf:3    | Killed a deep elf master archer
 14382 | Elf:3    | Noticed a deep elf blademaster
 14387 | Elf:3    | Killed a deep elf blademaster
 14458 | Elf:3    | Reached skill level 13 in Long Blades
 14483 | Elf:3    | Noticed a deep elf sorcerer
 14487 | Elf:3    | Killed a deep elf sorcerer
 14488 | Elf:3    | Noticed a deep elf master archer
 14497 | Elf:3    | Killed a deep elf master archer
 14517 | Elf:3    | Reached XP level 15. HP: 66/135 MP: 26/29
 14609 | Elf:3    | Noticed a deep elf master archer
 14626 | Elf:3    | Killed a deep elf master archer
 14627 | Elf:3    | Noticed a deep elf master archer
 14632 | Elf:3    | Killed a deep elf master archer
 14645 | Elf:3    | Noticed a deep elf sorcerer
 14648 | Elf:3    | Killed a deep elf sorcerer
 14745 | Elf:3    | Noticed a deep elf sorcerer
 14772 | Elf:3    | Noticed a deep elf sorcerer
 14776 | Elf:3    | Killed a deep elf sorcerer
 14790 | Elf:3    | Noticed a deep elf sorcerer
 14803 | Elf:3    | Killed a deep elf sorcerer
 14809 | Elf:3    | Killed a deep elf sorcerer
 14812 | Elf:3    | Noticed a deep elf blademaster
 14818 | Elf:3    | Killed a deep elf blademaster
 14874 | Elf:3    | Noticed a deep elf sorcerer
 14882 | Elf:3    | Killed a deep elf sorcerer
 14984 | Elf:3    | Gained mutation: You are partially covered in slimy green scales (AC +2). [potion of beneficial mutation]
 15144 | Elf:3    | Noticed a Hell Sentinel
 15145 | Elf:3    | Identified the Volume of Cankerous Transformation (You found it on level 3 of the Elven Halls)
 15192 | Elf:3    | Got a bloodstained plate armour
 15244 | Elf:3    | Got a brightly glowing ring mail
 15269 | Elf:3    | Identified the Almanac of Fiery Arcane Weapons (You found it on level 3 of the Elven Halls)
 15275 | Elf:3    | Learned a level 2 spell: Repel Missiles
 15410 | Orc:3    | Identified a +2 rod of inaccuracy (10/10) (You took it off a deep elf conjurer on level 3 of the Elven Halls)
 15430 | Orc:3    | Identified the +5 ring mail "Xokliedi" {+Blink +Fly} (You found it on level 3 of the Elven Halls)
 15446 | Orc:3    | Identified the +2 plate armour of Elyvilon's Delight {SInv} (You found it on level 3 of the Elven Halls)
 15511 | Orc:4    | Bought a book of Party Tricks for 650 gold pieces
 15513 | Orc:4    | Learned a level 1 spell: Apportation
 15515 | Orc:4    | Learned a level 1 spell: Summon Butterflies
 15515 | Orc:4    | Bought a book of the Warp for 1170 gold pieces
 15685 | D:15     | Entered Level 15 of the Dungeon
 15989 | D:16     | Entered Level 16 of the Dungeon
 16414 | D:16     | Identified the Grimoire of the Oath and Companions (You found it on level 16 of the Dungeon)
 16591 | D:16     | Reached skill level 14 in Long Blades
 16736 | D:16     | Reached skill level 10 in Armour
 16759 | D:16     | Reached XP level 16. HP: 105/145 MP: 29/29
 16799 | D:16     | Found a staircase to the Depths.
 16804 | Depths:1 | Entered Level 1 of the Depths
 16820 | Depths:2 | Noticed a tentacled monstrosity
 16859 | Depths:2 | Noticed a golden dragon
 16951 | Depths:2 | Noticed an Ice Fiend
 16956 | Depths:2 | Noticed a tentacled monstrosity
 16971 | Depths:2 | Found a shattered altar of Ashenzari.
 17004 | Depths:2 | Reached skill level 5 in Translocations
 17138 | Depths:2 | Noticed a tentacled monstrosity
 17150 | Depths:2 | Killed a tentacled monstrosity
 17168 | Depths:2 | Reached skill level 10 in Fighting
 17193 | Depths:2 | Noticed a tentacled monstrosity
 17288 | Depths:2 | Noticed a quicksilver dragon
 17288 | Depths:2 | a sphinx changed into a quicksilver dragon
 17398 | Depths:2 | Killed a tentacled monstrosity
 17481 | Depths:2 | Killed a tentacled monstrosity
 17587 | Depths:2 | Killed a tentacled monstrosity
 17676 | Depths:1 | Reached skill level 10 in Dodging
 17855 | Depths:1 | Found a gateway to Hell.
 18281 | D:10     | Paralysed by a giant eyeball for 3 turns
 18584 | Shoals:1 | Entered Level 1 of the Shoals
 18792 | Shoals:4 | Noticed Mitsuki's ghost (mighty DDFi)
 18898 | Shoals:3 | Lost mutation: You are agile. (Dex +2) [evolution]
 18926 | Shoals:3 | Noticed Jorgrun
 19066 | Shoals:3 | Killed Jorgrun
 19066 | Shoals:3 | Reached XP level 17. HP: 62/155 MP: 17/31
 19295 | Shoals:3 | Noticed Kirke
 19331 | Shoals:3 | Killed Kirke
 19370 | Shoals:3 | Found Brol's Assorted Antiques.
 19377 | Shoals:3 | Bought a potion of heal wounds for 93 gold pieces
 19377 | Shoals:3 | Bought 2 scrolls of teleportation for 186 gold pieces
 19439 | Shoals:4 | Noticed Polyphemus
 19538 | Shoals:3 | Reached skill level 15 in Long Blades
 19577 | Shoals:4 | Killed Mitsuki's ghost
 19612 | Shoals:3 | Learned a level 4 spell: Control Teleport
 19837 | Shoals:4 | misclick
 19881 | Shoals:4 | Found Smih's Armour Shoppe.
 20079 | Shoals:4 | Killed Polyphemus
 20323 | Shoals:5 | Entered Level 5 of the Shoals
 20392 | Shoals:5 | Noticed Ilsuiw
 20444 | Shoals:5 | Found Lamosm's Weapon Shop.
 20460 | Shoals:5 | Got a barnacled rune of Zot
 20582 | Shoals:4 | Reached skill level 5 in Spellcasting
 20908 | Shoals:4 | Upgraded the game from 0.14-a0-1811-gdc2d5af to 0.14-a0-1817-gb992dfe
 21412 | Shoals:4 | Killed Ilsuiw
 22017 | Shoals:4 | Got a warped lead ring
 22018 | Shoals:4 | Identified the ring "Goilu" {Hunger+ +Fly Str+1} (You took it off a merfolk on level 4 of the Shoals)
 22288 | Spider:1 | Entered Level 1 of the Spider Nest
 22436 | Lair:5   | Noticed a seven-headed hydra
 22539 | Lair:5   | Killed a seven-headed hydra
 22876 | Spider:3 | Noticed Nikola
 22902 | Spider:3 | Killed Nikola
 23103 | Spider:4 | Noticed Arachne
 23163 | Spider:4 | Killed Arachne
 23163 | Spider:4 | Reached XP level 18. HP: 117/166 MP: 17/32
 23506 | Spider:5 | Entered Level 5 of the Spider Nest
 23615 | Spider:5 | Noticed Wiglaf
 23632 | Spider:5 | Killed Wiglaf
 23829 | Spider:5 | Reached skill level 16 in Long Blades
 24656 | Spider:5 | Learned a level 7 spell: Controlled Blink
 24673 | Spider:5 | Got a gossamer rune of Zot
 24865 | Spider:2 | Noticed Aizul
 24895 | Spider:2 | Killed Aizul
 24961 | Spider:2 | Noticed Frances
 25012 | Spider:2 | Killed Frances
 25095 | Spider:2 | Got a polished ring mail
 25096 | Spider:2 | Identified the +1 ring mail of Space {+Inv} (You found it on level 2 of the Spider Nest)
 25131 | Spider:2 | Noticed Azrael
 25148 | Spider:2 | Killed Azrael
 25782 | D:7      | Noticed Blork the orc
 25794 | D:7      | Killed Blork the orc
 25883 | D:6      | Learned a level 2 spell: Cure Poison
 25931 | D:6      | Found a glowing silver altar of Zin.
 25934 | D:6      | Found a bloodstained altar of Trog.
 25936 | D:6      | Found a white marble altar of Elyvilon.
 26037 | D:4      | Bought a scroll of identify for 24 gold pieces
 26037 | D:4      | Bought a scroll of blinking for 66 gold pieces
 26037 | D:4      | Bought a scroll of recharging for 66 gold pieces
 26037 | D:4      | Bought a scroll of identify for 24 gold pieces
 26037 | D:4      | Bought a scroll of enchant weapon II for 66 gold pieces
 26037 | D:4      | Bought a scroll of identify for 24 gold pieces
 26425 | Slime:1  | Entered Level 1 of the Pits of Slime
 26478 | Slime:1  | Gained mutation: You have a pair of small antennae on your head. [evolution]
 26577 | Slime:2  | Gained mutation: You have a fast metabolism. [a shining eye]
 26649 | Slime:3  | Gained mutation: Armour fits poorly on your strangely shaped body. [a shining eye]
 26651 | Slime:3  | Gained mutation: Your magical capacity is low (-10% MP). [a shining eye]
 26653 | Slime:3  | :D
 26804 | Slime:3  | Reached XP level 19. HP: 57/176 MP: 6/30
 26846 | Slime:3  | Paralysed by a giant eyeball for 4 turns
 27298 | Slime:6  | Entered Level 6 of the Pits of Slime
 27604 | Slime:4  | Lost mutation: You evolve. [a shining eye]
 27610 | Slime:4  | Gained mutation: Your body is slowly deteriorating. [a shining eye]
 27634 | Slime:4  | Lost mutation: You are robust (+10% HP). [a shining eye]
 27635 | Slime:4  | Gained mutation: Your vision is a little blurry. [a shining eye]
 27640 | Slime:4  | Gained mutation: You are dopey. (Int -2) [a shining eye]
 27731 | Slime:6  | Paralysed by a giant eyeball for 3 turns
 27783 | Slime:6  | Gained mutation: Your magical capacity is very low (-20% MP). [a shining eye]
 27788 | Slime:6  | Noticed the royal jelly
 27793 | Slime:6  | Paralysed by a giant eyeball for 2 turns
 27796 | Slime:6  | Paralysed by a giant eyeball for 4 turns
 27798 | Slime:6  | Slain by the royal jelly

Action                   |  1- 3 |  4- 6 |  7- 9 | 10-12 | 13-15 | 16-18 | 19-21 || total
-------------------------+-------+-------+-------+-------+-------+-------+-------++-------
Melee: Spear             |    46 |       |       |       |       |       |       ||    46
       Glaive            |    25 |       |       |       |       |       |       ||    25
       Short sword       |       |     6 |   310 |    47 |       |       |       ||   363
       Flail             |       |       |     3 |       |       |       |       ||     3
       Long sword        |       |       |       |   767 |  1568 |  2565 |   275 ||  5175
       Bastard sword     |       |       |       |       |       |    13 |       ||    13
Throw: Dart              |       |       |       |     4 |       |       |       ||     4
 Cast: Flame Tongue      |    34 |     5 |    30 |     4 |       |       |       ||    73
       Conjure Flame     |     2 |     4 |    10 |    20 |    39 |    34 |       ||   109
       Sticky Flame      |       |       |    13 |    20 |     9 |    29 |       ||    71
       Regeneration      |       |       |       |       |     5 |   185 |    29 ||   219
       Apportation       |       |       |       |       |     4 |    26 |       ||    30
       Repel Missiles    |       |       |       |       |     1 |    21 |    10 ||    32
       Flight            |       |       |       |       |       |     7 |       ||     7
       Shroud of Golubri |       |       |       |       |       |     5 |       ||     5
       Control Teleport  |       |       |       |       |       |     1 |       ||     1
       Summon Butterflie |       |       |       |       |       |     1 |       ||     1
 Abil: Evoke Jump Attack |       |       |       |     9 |     1 |     4 |       ||    14
       Evoke Berserk Rag |       |       |       |     1 |     3 |     7 |     1 ||    12
       Evoke Blink       |       |       |       |       |       |     8 |     1 ||     9
       Stop Flying       |       |       |       |       |       |     1 |       ||     1
       Evoke Flight      |       |       |       |       |       |     1 |       ||     1
Evoke: Wand              |       |       |     1 |    17 |    21 |    51 |       ||    90
       phial of floods   |       |       |       |       |       |     4 |       ||     4
       sack of spiders   |       |       |       |       |       |     2 |       ||     2
       lamp of fire      |       |       |       |       |       |     1 |       ||     1
  Use: Potion            |     1 |       |     3 |    18 |     9 |    10 |       ||    41
       Scroll            |     2 |       |     6 |    27 |    26 |    32 |       ||    93
 Stab: Sleeping          |     4 |     1 |    11 |     1 |     1 |     3 |     1 ||    22
       Distracted        |       |       |     1 |       |       |     2 |       ||     3
       Invisible         |       |       |       |       |     1 |       |       ||     1
